AoeStats
← dix.

Arabia

510394963Analyzed
3v3 RM · 14h ago on Sep 30, 2026· 58m 6s· 6 players
Game mode
Random Map
Map size
Normal (6 player)
Population
200
Speed
Normal
Resources
Standard
Victory
Conquest
Starting age
Dark Age
Ending age
Imperial Age
RankedLock teamsTeams togetherTeam positionsShared explorationLock speedFull tech treeHidden civsTurbo modeCheats
Victory
Defeat
🇷🇺 Mongols · Russia
905
+16
🇰🇿 Berbers · Kazakhstan
835
+19
🇷🇺 Persians · Russia
763
+22
🇦🇷 Khmer · Argentina
989
-23
🇦🇷 Malians · Argentina
858
-17
🇨🇿 Byzantines · Czechia
854
-17
JfuRy
10:56 Feudal Age
16:24 Castle Age
14:33 Double-Bit Axe
20:39 Bow Saw
22:41 Horse Collar
26:42 Husbandry
26:52 Bloodlines
31:37 Pikeman
39:16 Heavy Plow
41:48 Arson
43:16 Forging
43:07 Scale Mail Armor
56:09 Wheelbarrow
55:21 Town Watch
TermodeMiller
5:42 Loom
11:01 Feudal Age
11:48 Double-Bit Axe
15:08 Horse Collar
15:23 Gold Mining
16:13 Wheelbarrow
23:53 Castle Age
21:47 Stone Mining
22:28 Fletching
22:49 Forging
24:02 Padded Archer Armor
24:03 Scale Mail Armor
24:56 Elite Skirmisher
26:19 Bodkin Arrow
30:03 Town Watch
44:32 Imperial Age
43:24 Bow Saw
43:18 Heavy Plow
46:42 Hand Cart
49:48 Hoardings
53:24 Ballistics
53:34 Cavalier
Drako
0:43 Loom
13:09 Feudal Age
13:45 Double-Bit Axe
21:41 Castle Age
20:31 Man-at-Arms
27:09 Bow Saw
27:45 Fletching
29:06 Wheelbarrow
28:11 Pikeman
31:32 Ballistics
31:22 Fortified Wall
31:48 Murder Holes
35:03 Imperial Age
41:21 Elite Skirmisher
44:15 Halberdier
44:16 Long Swordsman
45:23 Padded Archer Armor
45:19 Bodkin Arrow
45:35 Forging
46:37 Squires
46:22 Gambesons
47:54 Crossbowman
50:15 Two-Man Saw
49:05 Horse Collar
49:39 Arson
49:15 Two-Handed Swordsman
50:47 Caravan
52:49 Iron Casting
54:27 Hand Cart
53:43 Capped Ram
Divine_Fury
11:10 Feudal Age
10:02 Loom
12:26 Double-Bit Axe
12:24 Horse Collar
18:24 Bloodlines
21:54 Castle Age
22:52 Husbandry
23:30 Padded Archer Armor
23:20 Fletching
24:38 Wheelbarrow
27:55 Leather Archer Armor
27:36 Bodkin Arrow
57:00 Imperial Age
55:19 Town Watch
dix.
3:13 Loom
9:44 Feudal Age
11:18 Forging
16:28 Wheelbarrow
20:35 Double-Bit Axe
24:10 Castle Age
22:45 Gold Mining
23:32 Scale Barding Armor
26:45 Gold Shaft Mining
26:22 Bow Saw
27:24 Chain Barding Armor
29:09 Iron Casting
30:26 Stone Mining
36:06 Hand Cart
41:39 Imperial Age
44:08 Cavalier
44:49 Husbandry
45:32 Savar
49:47 Crossbowman
50:33 Thumb Ring
50:53 Ballistics
53:39 Chemistry
53:45 Padded Archer Armor
53:35 Fletching
54:54 Two-Man Saw
pohuito ergo sum
0:39 Loom
10:13 Feudal Age
17:04 Castle Age
19:11 Scale Barding Armor
22:47 Wheelbarrow
22:08 Double-Bit Axe
22:57 Horse Collar
23:52 Bloodlines
25:27 Bow Saw
25:50 Town Watch
26:20 Husbandry
27:27 Chain Barding Armor
29:47 Forging
30:15 Hand Cart
34:01 Fletching
34:29 Town Patrol
37:37 Imperial Age
35:17 Bodkin Arrow
37:37 Ballistics
39:00 Conscription
38:48 Thumb Ring
39:09 Parthian Tactics
38:48 Bracer
38:49 Padded Archer Armor
41:15 Chemistry
41:00 Elite Mangudai
42:54 Leather Archer Armor
42:05 Heavy Camel Rider
43:06 Siege Engineers
44:24 Iron Casting
46:57 Blast Furnace
54:14 Onager
55:27 Heavy Plow
56:04 Drill
57:19 Coinage
Connection lost

Rejoining the realm…

Still unreachable

The connection could not be restored.

Session expired

The server has moved on; the page needs a fresh start.